 Dungeon Crawl Stone Soup version 0.22.1-2-g9c5b331 (webtiles) character file.

74 HoaS the Skirmisher (level 4, -2/29 HPs)
             Began as a Gargoyle Berserker on Dec 22, 2018.
             Was a Believer of Trog.
             Killed from afar by Sigmund (4 damage)
             ... with a magic dart
             ... on level 3 of the Dungeon.
             The game lasted 00:06:24 (1965 turns).

HoaS the Skirmisher (Gargoyle Berserker)            Turns: 1965, Time: 00:06:25

Health: -2/29      AC: 12    Str: 20    XL:     4   Next: 28%
Magic:  4/4        EV: 11    Int:  8    God:    Trog [**....]
Gold:   102        SH:  0    Dex: 10    Spells: 3/3 levels left

rFire    . . .     SeeInvis .     - Unarmed
rCold    . . .     Gourm    .   (no shield)
rNeg     + . .     Faith    .   g - +0 ring mail
rPois    ∞         Spirit   .   (no helmet)
rElec    +         Reflect  .   d - scarf {repulsion}
rCorr    .         Harm     .   c - +0 pair of gloves
MR       .....                  (no boots)
Stlth    ..........             (no amulet)
HPRegen  0.09/turn              a - +2 ring of protection
MPRegen  0.09/turn              (no ring)

@: confused, berserk cooldown, slowed, repel missiles, very slow
A: negative energy resistance 1, electricity resistance, unbreathing,
petrification resistance, rot immunity, AC +3
a: Berserk, Trog's Hand, Renounce Religion


You were on level 3 of the Dungeon.
You worshipped Trog.
Trog was pleased with you.
You were hungry.

You visited 1 branch of the dungeon, and saw 3 of its levels.

You collected 102 gold pieces.

Inventory:

Armour
 c - a +0 pair of gloves (worn)
 d - a scarf of repulsion (worn)
 g - a +0 ring mail (worn)
 i - a +0 chain mail
Jewellery
 a - a +2 ring of protection (left hand)
Scrolls
 k - a scroll of remove curse
Potions
 e - a potion of curing
 f - 3 potions of might {unknown}
 l - 2 potions of haste {unknown}
Comestibles
 b - 4 rations


   Skills:
 * Level 4.3 Fighting
 + Level 2.8 Armour
 + Level 2.1 Dodging
 + Level 3.4 Unarmed Combat


You had 3 spell levels left.
You didn't know any spells.
Your spell library was empty.

Dungeon Overview and Level Annotations

Branches:
Dungeon (3/15)

Altars:

Annotations:
D:3 Sigmund


Innate Abilities, Weirdness & Mutations

You are resistant to torment.
Your stone body is resilient. (AC +3)
You are immune to poison.
You resist negative energy. (rN+)
You are resistant to electric shocks. (rElec)
You can survive without breathing.
You are immune to petrification.
You are immune to rotting.


Message History

* * * LOW HITPOINT WARNING * * *
The dart slug barely misses you.
You completely miss something. The bat hits you but does no damage.
You hear some strange, mumbled words.
A puff of flame appears from out of thin air!
The puff of flame misses you. The dart slug bites you.
* * * LOW HITPOINT WARNING * * *
You're too confused to move!
The bat hits you but does no damage. The bat misses you.
You hear some strange, mumbled words.
You are more confused.
The bat hits you but does no damage.
The dart slug bites you but does no damage.
Something hits you but does no damage.
You miss something. The bat hits you but does no damage.
The dart slug barely misses you.
You hear some strange, mumbled words.
A magic dart appears from out of thin air!
The magic dart hits you!
You die...

######## #......#
#......# #
#...<..#.###
#######..w@.....?.
..........{.......
..........b.......
.............#....
........####.#####
........# ...
........# .#...
#.......# .....
#.#.###.. #.


You could see a dart slug and a bat.

Vanquished Creatures
  3 adders (D:2)
  An ooze (D:1)
  A worm (D:2)
  2 dart slugs
  A ball python (D:1)
  4 giant cockroaches
  6 goblins
  6 hobgoblins (D:2)
  2 bats
  6 frilled lizards
  2 kobolds
  2 rats
36 creatures vanquished.

Notes
Turn   | Place    | Note
-------+----------+-------------------------------------------
     0 | D:1      | HoaS the Gargoyle Berserker began the quest for the Orb.
     0 | D:1      | Reached XP level 1. HP: 14/14 MP: 1/1
   100 | D:1      | Reached XP level 2. HP: 16/19 MP: 2/2
   681 | D:2      | Reached XP level 3. HP: 24/24 MP: 3/3
   866 | D:2      | Reached skill level 4 in Fighting
   897 | D:2      | Reached ** piety under Trog
  1106 | D:2      | Reached XP level 4. HP: 9/29 MP: 4/4
  1898 | D:3      | Noticed Sigmund
  1965 | D:3      | Killed from afar by Sigmund

Skill      XL: |  1  2  3 |
---------------+----------+-----
Fighting       | 4 |  4.3
Dodging        | 2 |  2.1
Armour         | |  2.8
Unarmed Combat | |  3.4

Action                   |  1- 3 |  4- 6 || total
-------------------------+-------+-------++-------
Melee: Unarmed           |   132 |    67 ||   199
       Punch             |     1 |       ||     1
Invok: Berserk           |       |     1 ||     1
       Trog's Hand       |       |     1 ||     1
  Use: Scroll            |    10 |       ||    10
  Eat: Chunk             |     1 |     3 ||     4
Armor: Animal skin       |     5 |       ||     5
       Ring mail         |    46 |    47 ||    93
Dodge: Dodged            |    58 |    59 ||   117
       Deflected         |     1 |       ||     1
